 Dungeon Crawl Stone Soup version 0.30-a0-830-gfe289a77b0 (webtiles) character file.

Game seed: 376669510696600973

736 Pooter the Chopper (level 7, -2/62 HPs)
             Began as a Minotaur Delver on Feb 28, 2023.
             Slain by Duvessa
             ... wielding a +0 short sword
              (4 damage)
             ... on level 5 of the Dungeon.
             The game lasted 00:19:16 (1841 turns).

Pooter the Chopper (Minotaur Delver)                Turns: 1841, Time: 00:19:16

Health: -2/62      AC:  3    Str: 19    XL:     7   Next: 46%
Magic:  6/6        EV: 12    Int: 13    God:
Gold:   41         SH:  0    Dex: 11    Spells: 5/6 levels left

rFire   + . .      SeeInvis .    e - +0 dire flail
rCold   . . .      Faith    .    (shield currently unavailable)
rNeg    . . .      Spirit   .    j - +1 robe of Pride {rPois rF+ Int+6}
rPois   +          Reflect  .    (helmet restricted)
rElec   .          Harm     .    (no cloak)
rCorr   .          Rampage  .    (no gloves)
Will    .....                    (no boots)
Stlth   +++                      (no amulet)
HPRegen 0.30/turn                W - ring of wizardry
MPRegen 0.10/turn                (no ring)

@: mighty
A: horns 2, retaliatory headbutt
a: no special abilities


You were on level 5 of the Dungeon.
You visited 1 branch of the dungeon, and saw 2 of its levels.

You collected 41 gold pieces.

Inventory:

Hand Weapons
 a - a +0 hand axe
 b - a +0 shortbow
   (You took it off a centaur on level 6 of the Dungeon)
 e - a +0 dire flail (weapon)
   (You took it off an orc warrior on level 6 of the Dungeon)
Missiles
 k - 3 poisoned darts
 Q - 14 stones (quivered)
Armour
 j - the +1 robe of Pride (worn) {rPois rF+ Int+6}
   (You found it on level 6 of the Dungeon)

   Int:       It affects your intelligence (+6).
   rF:        It protects you from fire.
   rPois:     It protects you from poison.
 m - a +0 leather armour
 n - a +0 chain mail
   (You took it off an orc warrior on level 6 of the Dungeon)
Jewellery
 W - a ring of wizardry (left hand)
   (You found it on level 6 of the Dungeon)
Wands
 u - a wand of paralysis (9)
   (You found it on level 5 of the Dungeon)
 D - a wand of digging (3)
Scrolls
 g - a scroll of identify {unknown}
 l - a scroll of teleportation {unknown}


   Skills:
 + Level 5.7 Fighting
 * Level 6.7 Axes
 * Level 3.6 Ranged Weapons
 - Level 2.1 Dodging
 + Level 5.3 Stealth


You had 5 spell levels left.
You knew the following spells:

 Your Spells              Type           Power      Damage    Failure   Level
a - Slow                  Hex            0%         N/A       12%         1

Your spell library contained the following spells:

 Spells                   Type           Power      Damage    Failure   Level
 Confusing Touch          Hex            0%         N/A       34%         3
 Vampiric Draining        Necr           0%         2d6       34%         3


Dungeon Overview and Level Annotations

Branches:
Dungeon (6/15)
 Temple: D:4-7

Altars:
Trog

Shops:
D:6 (:

Annotations:
D:5 Dowan, Duvessa


Innate Abilities, Weirdness & Mutations

You have a pair of horns on your head.
You reflexively headbutt those who attack you in melee.


Message History

Reactivating autopickup.
You feel a bit more experienced.
Things that are here:
a +0 dagger; a +0 robe; an orc corpse You closely miss the white imp.
You headbutt the white imp.
The white imp hits you but does no damage.
You barely miss the white imp.
The white imp hits you but does no damage.
The iguana hisses angrily.
You hit the white imp.
The white imp laughs crazily.
The white imp gestures at you. The puff of frost hits you.
* * * LOW HITPOINT WARNING * * *
You barely miss the white imp. You headbutt the white imp.
You kill the white imp!
Found 19 gold pieces.
The iguana barely misses you.
You hit the iguana but do no damage. The iguana bites you.
* * * LOW HITPOINT WARNING * * *
You barely miss the iguana. Your headbutt misses the iguana.
The iguana closely misses you.
You barely miss the iguana.
You recover from your berserk rage.
The iguana bites you but does no damage.
You barely miss the iguana. You headbutt the iguana. The iguana bites you!
* * * LOW HITPOINT WARNING * * *
You hit the iguana but do no damage. The iguana bites you!
* * * LOW HITPOINT WARNING * * *
You thump the iguana! Your headbutt misses the iguana.
The iguana barely misses you.
Unknown command.
You hit the iguana. You headbutt the iguana.
You kill the iguana!
You start resting.
Duvessa is nearby!
It was a potion of might.
You feel very mighty all of a sudden.
As you read the scroll of fog, it crumbles to dust.
The scroll dissolves into smoke.
Things that are here:
a +0 dagger; a +0 robe; an orc corpse
There is a stone staircase leading down, spattered with blood here.
You see here a dart slug corpse.
You completely miss Duvessa. You headbutt Duvessa!
Duvessa hits you with a +0 short sword!
* * * LOW HITPOINT WARNING * * *
Unknown command.
You hit Duvessa but do no damage. Your headbutt misses Duvessa.
Duvessa hits you with a +0 short sword.
You die...

,*,,,**,,*,*,,,* *,,* *,**
****,,,,,,,,,,** **,* *,,**
*,..$.$..,** *,* **,,**
**,.......,* *,********,,,
***,........** *,*,,,,,,,***
*,.,........* *,#.,,,,,,,,,
,,..,.......* ######...,,,,,,***
,,.#.,.....§## #........,,,,,,*
,,....##.##§§# #@.....#.,,,,,,*
,,l.......##§###e.....#,,,,,,,*
,,.......e§§§§§†........,,,,,,*
,,...J..?.§§§§..........,,,,,,*
,,.........§§.........#.,,,,,,* *
,,.$....######..........,,,,,,***
,,.[....* *#.#........********,
,,.....,* *..#....$.#.*** *,
**#####** **.######..#,,,** *,


You could see Duvessa.

Vanquished Creatures
  Eustachio (D:6)
  A water moccasin (D:6)
  An orc warrior (D:6)
  A centaur (D:6)
  A phantom (D:6)
  2 bullfrogs (D:6)
  A hound (D:6)
  An iguana (D:5)
  An orc wizard (D:6)
  An adder (D:6)
  A white imp (D:5)
  A dart slug (D:5)
13 creatures vanquished.

Vanquished Creatures (others)
  An orc wizard (D:5)
1 creature vanquished.

Grand Total: 14 creatures vanquished

Notes
Turn   | Place    | Note
-------+----------+-------------------------------------------
     0 | D:5      | Pooter the Minotaur Delver began the quest for the Orb.
     0 | D:5      | Reached XP level 1. HP: 19/19 MP: 0/0
     7 | D:5      | Noticed an iguana
    37 | D:6      | Noticed an orc wizard
    86 | D:6      | Noticed a hound
   196 | D:6      | Identified the +1 robe of Pride {rPois rF+ Int+6}
   228 | D:6      | Noticed a phantom
   236 | D:6      | Killed a phantom
   237 | D:6      | Reached skill level 4 in Axes
   237 | D:6      | Reached XP level 2. HP: 23/28 MP: 1/1
   237 | D:6      | Reached XP level 3. HP: 28/34 MP: 2/2
   237 | D:6      | Reached XP level 4. HP: 34/41 MP: 3/3
   336 | D:6      | Noticed a bullfrog
  1307 | D:6      | Learned a level 1 spell: Slow
  1320 | D:5      | Noticed Duvessa
  1320 | D:5      | Noticed Dowan
  1373 | D:6      | Noticed a centaur
  1382 | D:6      | Killed a centaur
  1383 | D:6      | Reached skill level 5 in Axes
  1383 | D:6      | Reached XP level 5. HP: 47/47 MP: 4/4
  1387 | D:6      | Found a bloodstained altar of Trog.
  1404 | D:6      | Reached skill level 5 in Fighting
  1404 | D:6      | Reached skill level 1 in Ranged Weapons
  1490 | D:6      | Found Qumobb's Vocational Training.
  1491 | D:6      | Found Xaalap's Weapon Emporium.
  1515 | D:6      | Noticed a water moccasin
  1526 | D:6      | Killed a water moccasin
  1527 | D:6      | Reached skill level 5 in Stealth
  1527 | D:6      | Reached XP level 6. HP: 39/56 MP: 5/5
  1706 | D:6      | Noticed Eustachio
  1739 | D:6      | Noticed an orc warrior
  1753 | D:6      | Killed an orc warrior
  1754 | D:6      | Reached skill level 6 in Axes
  1754 | D:6      | Reached XP level 7. HP: 41/61 MP: 6/6
  1765 | D:6      | Killed Eustachio
  1840 | D:5      | HP: 2/62 [Duvessa/+0 short sword (8)]
  1841 | D:5      | Slain by Duvessa

Illustrated notes

Levels and vault maps discovered:
D:5:      layout_rooms, nicolae_wu_jian_immortal_techniques, uniq_duvessa
D:6:      layout_gridville, trog_three_pillars_becter, serial_shops,
          nicolae_shop_stone, nicolae_shop_vocational, uniq_eustachio

Skill      XL: |  1  2  3  4  5  6  7 |
---------------+----------------------+-----
Fighting       | 4 5 |  5.7
Axes           | 4 5 6 |  6.7
Ranged Weapons | 1 2 3 |  3.6
Stealth        | 5 |  5.3
Dodging        | |  2.1

Action                     |  1- 3 |  4- 6 |  7- 9 || total
---------------------------+-------+-------+-------++-------
  Melee: Hand axe          |     7 |    28 |       ||    35
         Headbutt          |       |    11 |     9 ||    20
         Dire flail        |       |       |    37 ||    37
   Fire: Shortbow          |       |     3 |       ||     3
  Throw: Dart              |       |     2 |       ||     2
  Evoke: Wand              |       |     7 |       ||     7
    Use: Potion            |     1 |       |     4 ||     5
         Scroll            |     1 |       |     2 ||     3
   Stab: Paralysed         |       |    16 |       ||    16
 Armour: Robe              |     2 |     3 |    10 ||    15
  Dodge: Dodged            |     3 |    13 |     9 ||    25

Table legend: (Time is in decaauts)
 A = Elapsed time spent in this place.
 B = Non-inter-level travel time spent in this place.
 C = Inter-level travel time spent in this place.
 D = Time resting spent in this place.
 E = Time spent auto-exploring this place.
 F = Levels seen in this place.
 G = Mean time per level.
                   A        B        C        D        E       F      G
               +--------+--------+--------+--------+--------+-----+--------+
         Total |   1836 |   1810 |     26 |   1135 |      4 |   2 |  918.0 |
       Dungeon |   1836 |   1810 |     26 |   1135 |      4 |   2 |  918.0 |
               +--------+--------+--------+--------+--------+-----+--------+

Top non-repeatable levels by time:
     D:6: 1773 daAuts
     D:5: 62 daAuts
